[ AOE2 MATCH · #505794285 ]
UnrankedCelts vs Huns
Player's team · LOSS
Rival team · WIN
[ REPLAY ANALYSIS · EXTRACTED FROM THE RECORDED GAME ]
Feudal
10:53
Castle
14:47
Imperial
23:58
| APM avg | 54.0 |
| APM peak | 89 |
| eAPM avg | 31.0 |
| Villagers / military | 162 / 335 |
Focus
⚔️ 44.7% · 🌾 55.3%
Woad Raider ×135 · Scout Cavalry ×100 · Scorpion ×65 · Knight ×18 · Trebuchet (Packed) ×12 · Petard ×2
Feudal
8:55
Castle
13:14
Imperial
26:12
| APM avg | 36.1 |
| APM peak | 69 |
| eAPM avg | 25.3 |
| Villagers / military | 165 / 438 |
Focus
⚔️ 40.2% · 🌾 59.8%
Scout Cavalry ×240 · Knight ×86 · Cavalry Archer ×82 · Trebuchet (Packed) ×18 · Skirmisher ×5 · Battering Ram ×5
Match map
Initial resources + every placement click. Lines = walls · curves = elevation contours. ◆ gold · ⬟ stone · ● berries · ✦ relic · ◌ wall gap
Your base· ✓ Closed at 14:47 · 62t walls · no gate
SuchaN3rd's base· ✓ Closed at 13:14 · 51t walls · 1 gate(s)
Smoothed initial terrain · ◌ = detected wall gap · hover for details
Inputs per minute
— Soloarqueros - - SuchaN3rd
Build order — Soloarqueros
First 150 of 712 actions detected
| 0:00 | Queue | Villager (Male) |
| 0:00 | Queue | Villager (Male) |
| 0:02 | Build | House |
| 0:03 | Build | House |
| 0:07 | Queue | Villager (Male) |
| 0:08 | Queue | Villager (Male) |
| 0:27 | Research | Loom |
| 0:29 | Build | House |
| 1:11 | Queue | Villager (Male) |
| 1:21 | Queue | Villager (Male) |
| 1:27 | Queue | Villager (Male) |
| 1:51 | Queue | Villager (Male) |
| 2:03 | Queue | Villager (Male) |
| 2:11 | Queue | Villager (Male) |
| 2:15 | Queue | Villager (Male) |
| 2:20 | Queue | Villager (Male) |
| 2:20 | Queue | Villager (Male) |
| 2:24 | Build | Lumber Camp |
| 2:37 | Queue | Villager (Male) |
| 2:46 | Queue | Villager (Male) |
| 3:00 | Queue | Villager (Male) |
| 3:02 | Queue | Villager (Male) |
| 3:10 | Queue | Villager (Male) |
| 3:29 | Queue | Villager (Male) |
| 3:37 | Queue | Villager (Male) |
| 3:42 | Queue | Villager (Male) |
| 3:47 | Build | House |
| 3:48 | Build | House |
| 4:00 | Queue | Villager (Male) |
| 4:22 | Queue | Villager (Male) |
| 4:28 | Build | Palisade Wall |
| 4:44 | Queue | Villager (Male) |
| 5:04 | Queue | Villager (Male) |
| 5:17 | Build | Mill |
| 5:23 | Queue | Villager (Male) |
| 5:24 | Queue | Villager (Male) |
| 5:34 | Build | Mill |
| 5:39 | Build | Palisade Wall |
| 5:40 | Build | Palisade Wall |
| 5:41 | Build | Palisade Wall |
| 5:47 | Build | Palisade Wall |
| 5:48 | Queue | Villager (Male) |
| 5:53 | Queue | Villager (Male) |
| 5:58 | Queue | Villager (Male) |
| 6:03 | Build | House |
| 6:17 | Queue | Villager (Male) |
| 6:18 | Queue | Villager (Male) |
| 6:23 | Queue | Villager (Male) |
| 6:27 | Build | House |
| 6:28 | Build | House |
| 6:32 | Build | House |
| 6:35 | Queue | Villager (Male) |
| 6:50 | Queue | Villager (Male) |
| 7:01 | Queue | Villager (Male) |
| 7:09 | Build | Palisade Wall |
| 7:10 | Queue | Villager (Male) |
| 7:12 | Build | Palisade Wall |
| 7:15 | Queue | Villager (Male) |
| 7:27 | Build | Mill |
| 7:36 | Queue | Villager (Male) |
| 7:39 | Build | Palisade Wall |
| 7:41 | Build | Palisade Wall |
| 7:51 | Build | Palisade Wall |
| 8:01 | Build | Palisade Wall |
| 8:12 | Build | Mining Camp |
| 8:12 | Queue | Villager (Male) |
| 8:12 | Queue | Villager (Male) |
| 8:32 | Queue | Villager (Male) |
| 8:43 | Research | Feudal Age |
| 9:05 | Queue | Villager (Male) |
| 9:08 | Build | Barracks |
| 9:22 | Build | Mill |
| 9:29 | Queue | Villager (Male) |
| 9:29 | Queue | Villager (Male) |
| 9:35 | Queue | Villager (Male) |
| 10:24 | Build | Mining Camp |
| 10:37 | Queue | Villager (Male) |
| 10:44 | Build | Lumber Camp |
| 10:51 | Queue | Villager (Male) |
| 10:53 | Age | Feudal Age |
| 11:02 | Build | Market |
| 11:04 | Queue | Villager (Male) |
| 11:15 | Build | Blacksmith |
| 11:17 | Queue | Villager (Male) |
| 11:21 | Queue | Villager (Male) |
| 11:31 | Queue | Villager (Male) |
| 11:37 | Build | House |
| 11:49 | Research | Double-Bit Axe |
| 11:50 | Research | Horse Collar |
| 11:56 | Queue | Villager (Male) |
| 12:07 | Research | Castle Age |
| 12:20 | Build | Farm |
| 12:21 | Build | Farm |
| 12:24 | Build | Lumber Camp |
| 12:35 | Build | Mill |
| 12:37 | Queue | Villager (Male) |
| 12:55 | Queue | Villager (Male) |
| 12:55 | Queue | Villager (Male) |
| 13:00 | Build | Farm |
| 13:08 | Build | Farm |
| 13:10 | Build | Farm |
| 13:33 | Queue | Villager (Male) |
| 13:36 | Build | Farm |
| 13:37 | Build | Farm |
| 13:45 | Queue | Villager (Male) |
| 13:47 | Queue | Villager (Male) |
| 13:49 | Build | Farm |
| 13:52 | Queue | Villager (Male) |
| 13:55 | Build | Farm |
| 14:01 | Queue | Villager (Male) |
| 14:04 | Build | House |
| 14:06 | Build | House |
| 14:25 | Build | House |
| 14:29 | Build | Farm |
| 14:30 | Queue | Villager (Male) |
| 14:36 | Build | Farm |
| 14:38 | Build | Farm |
| 14:40 | Build | Farm |
| 14:41 | Build | Farm |
| 14:47 | Queue | Villager (Male) |
| 14:47 | Age | Castle Age |
| 15:01 | Build | Castle |
| 15:03 | Build | Palisade Wall |
| 15:04 | Queue | Villager (Male) |
| 15:06 | Research | Scale Mail Armor |
| 15:12 | Build | Town Center |
| 15:19 | Queue | Villager (Male) |
| 15:20 | Research | Heavy Plow |
| 15:24 | Research | Wheelbarrow |
| 15:25 | Build | Farm |
| 15:29 | Queue | Villager (Male) |
| 15:31 | Queue | Villager (Male) |
| 15:35 | Build | Farm |
| 15:39 | Build | Farm |
| 15:41 | Build | Farm |
| 15:43 | Build | Farm |
| 15:45 | Build | Farm |
| 15:46 | Queue | Villager (Male) |
| 15:48 | Build | Farm |
| 15:50 | Build | Farm |
| 15:59 | Queue | Villager (Male) |
| 16:03 | Queue | Villager (Male) |
| 16:13 | Queue | Villager (Male) |
| 16:15 | Queue | Villager (Male) |
| 16:21 | Queue | Villager (Male) |
| 16:25 | Build | Farm |
| 16:28 | Queue | Woad Raider |
| 16:30 | Queue | Villager (Male) |
| 16:36 | Build | Farm |
| 16:38 | Build | Farm |
Build order — SuchaN3rd
First 150 of 593 actions detected
| 0:02 | Queue | Villager (Male) |
| 0:02 | Queue | Villager (Male) |
| 0:38 | Queue | Villager (Male) |
| 0:39 | Queue | Villager (Male) |
| 1:16 | Queue | Villager (Male) |
| 1:35 | Queue | Villager (Male) |
| 1:41 | Research | Loom |
| 1:57 | Queue | Villager (Male) |
| 1:58 | Queue | Villager (Male) |
| 2:20 | Queue | Villager (Male) |
| 2:22 | Queue | Villager (Male) |
| 2:37 | Queue | Villager (Male) |
| 2:42 | Queue | Villager (Male) |
| 2:46 | Queue | Villager (Male) |
| 3:13 | Queue | Villager (Male) |
| 3:13 | Queue | Villager (Male) |
| 3:17 | Queue | Villager (Male) |
| 3:29 | Queue | Villager (Male) |
| 3:43 | Build | Lumber Camp |
| 3:46 | Queue | Villager (Male) |
| 4:15 | Queue | Villager (Male) |
| 4:16 | Queue | Villager (Male) |
| 4:16 | Queue | Villager (Male) |
| 4:16 | Queue | Villager (Male) |
| 4:23 | Queue | Villager (Male) |
| 4:24 | Queue | Villager (Male) |
| 4:47 | Queue | Villager (Male) |
| 4:48 | Queue | Villager (Male) |
| 4:48 | Queue | Villager (Male) |
| 5:26 | Queue | Villager (Male) |
| 5:27 | Queue | Villager (Male) |
| 5:27 | Queue | Villager (Male) |
| 5:33 | Queue | Villager (Male) |
| 5:53 | Build | Mill |
| 5:54 | Queue | Villager (Male) |
| 6:15 | Queue | Villager (Male) |
| 6:19 | Queue | Villager (Male) |
| 6:34 | Build | Mining Camp |
| 6:38 | Research | Feudal Age |
| 6:48 | Queue | Villager (Male) |
| 6:49 | Queue | Villager (Male) |
| 7:02 | Queue | Villager (Male) |
| 7:12 | Build | Lumber Camp |
| 7:19 | Queue | Villager (Male) |
| 7:43 | Queue | Villager (Male) |
| 7:43 | Queue | Villager (Male) |
| 7:45 | Queue | Villager (Male) |
| 8:11 | Queue | Villager (Male) |
| 8:13 | Queue | Villager (Male) |
| 8:42 | Build | Mill |
| 8:55 | Queue | Villager (Male) |
| 8:55 | Age | Feudal Age |
| 8:58 | Build | Blacksmith |
| 9:09 | Build | Market |
| 9:27 | Build | Stone Wall |
| 9:29 | Build | Gate |
| 9:42 | Build | Stone Wall |
| 9:54 | Queue | Villager (Male) |
| 9:55 | Queue | Villager (Male) |
| 9:55 | Queue | Villager (Male) |
| 9:55 | Queue | Villager (Male) |
| 10:05 | Build | Mill |
| 10:31 | Queue | Villager (Male) |
| 10:31 | Queue | Villager (Male) |
| 10:31 | Queue | Villager (Male) |
| 10:32 | Queue | Villager (Male) |
| 10:33 | Research | Castle Age |
| 10:55 | Research | Double-Bit Axe |
| 10:57 | Queue | Villager (Male) |
| 10:59 | Queue | Villager (Male) |
| 11:06 | Research | Horse Collar |
| 11:08 | Queue | Villager (Male) |
| 11:14 | Build | Lumber Camp |
| 11:17 | Research | Gold Mining |
| 11:40 | Build | Mill |
| 11:57 | Queue | Villager (Male) |
| 12:07 | Build | Stone Wall |
| 12:28 | Build | Stone Wall |
| 12:38 | Queue | Villager (Male) |
| 12:40 | Research | Wheelbarrow |
| 12:45 | Queue | Villager (Male) |
| 13:14 | Age | Castle Age |
| 13:16 | Build | Town Center |
| 13:23 | Build | Town Center |
| 13:30 | Research | Bow Saw |
| 13:33 | Research | Heavy Plow |
| 13:35 | Queue | Villager (Male) |
| 13:35 | Queue | Villager (Male) |
| 13:37 | Queue | Villager (Male) |
| 13:53 | Build | Mining Camp |
| 13:57 | Queue | Villager (Male) |
| 14:01 | Research | Stone Mining |
| 14:06 | Queue | Villager (Male) |
| 14:07 | Queue | Villager (Male) |
| 14:07 | Queue | Villager (Male) |
| 14:46 | Build | Town Center |
| 14:46 | Queue | Villager (Male) |
| 14:47 | Queue | Villager (Male) |
| 14:47 | Queue | Villager (Male) |
| 14:48 | Queue | Villager (Male) |
| 14:48 | Queue | Villager (Male) |
| 14:48 | Queue | Villager (Male) |
| 14:48 | Queue | Villager (Male) |
| 14:52 | Queue | Villager (Male) |
| 15:07 | Queue | Villager (Male) |
| 15:07 | Queue | Villager (Male) |
| 15:07 | Queue | Villager (Male) |
| 15:07 | Queue | Villager (Male) |
| 15:14 | Build | Barracks |
| 15:22 | Queue | Villager (Male) |
| 15:22 | Queue | Villager (Male) |
| 15:28 | Build | Monastery |
| 15:38 | Build | Lumber Camp |
| 15:44 | Build | Farm |
| 15:44 | Build | Farm |
| 15:44 | Build | Farm |
| 15:45 | Build | Farm |
| 15:48 | Research | Fletching |
| 15:50 | Queue | Villager (Male) |
| 15:50 | Queue | Villager (Male) |
| 15:50 | Queue | Villager (Male) |
| 15:56 | Build | Archery Range |
| 16:12 | Queue | Villager (Male) |
| 16:12 | Queue | Villager (Male) |
| 16:12 | Queue | Villager (Male) |
| 16:13 | Queue | Villager (Male) |
| 16:13 | Queue | Villager (Male) |
| 16:17 | Queue | Monk |
| 16:28 | Build | Archery Range |
| 16:31 | Queue | Cavalry Archer |
| 16:34 | Build | Archery Range |
| 16:36 | Queue | Villager (Male) |
| 16:36 | Queue | Villager (Male) |
| 16:37 | Queue | Villager (Male) |
| 16:42 | Build | Mining Camp |
| 16:46 | Queue | Villager (Male) |
| 16:47 | Queue | Villager (Male) |
| 16:47 | Queue | Villager (Male) |
| 16:48 | Queue | Villager (Male) |
| 16:48 | Queue | Villager (Male) |
| 17:06 | Queue | Cavalry Archer |
| 17:07 | Queue | Cavalry Archer |
| 17:11 | Queue | Villager (Male) |
| 17:11 | Queue | Villager (Male) |
| 17:12 | Queue | Villager (Male) |
| 17:15 | Build | Farm |
| 17:15 | Build | Farm |
| 17:15 | Build | Farm |
| 17:16 | Build | Farm |
| 17:19 | Build | Farm |
Match timeline
| 4:28 | Soloarqueros · wall_segment Palisade Wall x12 |
| 5:39 | Soloarqueros · wall_segment Palisade Wall x7 |
| 5:40 | Soloarqueros · wall_segment Palisade Wall x6 |
| 5:41 | Soloarqueros · wall_segment Palisade Wall x7 |
| 5:47 | Soloarqueros · wall_segment Palisade Wall x14 |
| 7:09 | Soloarqueros · wall_segment Palisade Wall x7 |
| 7:12 | Soloarqueros · wall_segment Palisade Wall x1 |
| 7:39 | Soloarqueros · wall_segment Palisade Wall x1 |
| 7:41 | Soloarqueros · wall_segment Palisade Wall x2 |
| 7:51 | Soloarqueros · wall_segment Palisade Wall x1 |
| 8:01 | Soloarqueros · wall_segment Palisade Wall x8 |
| 8:55 | SuchaN3rd · age_up feudal |
| 9:08 | Soloarqueros · first_building Barracks |
| 9:27 | SuchaN3rd · wall_segment Stone Wall x12 |
| 9:42 | SuchaN3rd · wall_segment Stone Wall x26 |
| 10:53 | Soloarqueros · age_up feudal |
| 12:07 | SuchaN3rd · wall_segment Stone Wall x13 |
| 12:19 | SuchaN3rd · first_market_buy 100 stone |
| 12:28 | SuchaN3rd · wall_segment Stone Wall x7 |
| 12:50 | SuchaN3rd · first_market_sell 100 food |
| 13:14 | SuchaN3rd · age_up castle |
| 14:47 | Soloarqueros · age_up castle |
| 15:01 | Soloarqueros · first_building Castle |
| 15:03 | Soloarqueros · wall_segment Palisade Wall x1 |
| 15:14 | SuchaN3rd · first_building Barracks |
| 15:16 | Soloarqueros · first_market_buy 100 food |
| 15:28 | SuchaN3rd · first_building Monastery |
| 15:56 | SuchaN3rd · first_building Archery Range |
| 17:18 | Soloarqueros · wall_segment Stone Wall x26 |
| 18:38 | SuchaN3rd · first_building Castle |
| 19:06 | Soloarqueros · first_building Siege Workshop |
| 20:20 | Soloarqueros · first_market_sell 100 wood |
| 20:35 | SuchaN3rd · first_building Stable |
| 22:53 | SuchaN3rd · wall_segment Stone Wall x29 |
| 23:36 | Soloarqueros · wall_segment Stone Wall x20 |
| 23:38 | Soloarqueros · wall_segment Stone Wall x3 |
| 23:58 | Soloarqueros · age_up imperial |
| 26:12 | SuchaN3rd · age_up imperial |
| 29:58 | SuchaN3rd · wall_segment Stone Wall x10 |
| 33:05 | Soloarqueros · first_building Stable |
| 35:25 | SuchaN3rd · wall_segment Stone Wall x10 |
| 38:04 | SuchaN3rd · first_building Siege Workshop |
| 46:32 | Soloarqueros · resign |
[ AI ANALYSIS · 1 CREDIT ]
What really happened in this match?
Wolo.gg analyzes every decision: build order, eco, micro, common mistakes by bracket. Personalized analysis on WhatsApp or Discord in 30 seconds.
Civ guide
Celts
Perfil
Soloarqueros